 Dungeon Crawl Stone Soup version 0.29-a0-214-g17f627cfee (webtiles) character file.

Game seed: 17216351027736121493

28805 enile the Warrior (level 13, -2/96 (134) HPs)
             Began as an Ogre Fire Elementalist on Feb 24, 2022.
             Was the Champion of Ru.
             Slain by a jiangshi (8 damage)
             ... led by a vampire mage
             ... on level 4 of the Abyss on Feb 25, 2022.
             The game lasted 01:03:18 (21506 turns).

enile the Warrior (Ogre Fire Elementalist)         Turns: 21506, Time: 01:03:18

HP:   -2/96 (134)   AC:  9    Str: 16    XL:     13   Next: 41%
MP:   24/24         EV:  9    Int: 20    God:    Ru [******]
Gold: 799           SH:  9    Dex:  9    Spells: 22/32 levels left

rFire   + + +      SeeInvis +   U - +8 scimitar of Anguish {vorpal, rElec rF+++ rCorr Str-3}
rCold   . . .      Faith    .   O - +0 kite shield
rNeg    . . .      Spirit   .   E - +1 steam dragon scales
rPois   .          Reflect  .   (helmet restricted)
rElec   +          Harm     .   (no cloak)
rCorr   +          Rampage  .   (gloves unavailable)
Will    .....      Clarity  +   (boots unavailable)
Stlth   ..........              n - amulet of regeneration
HPRegen 0.00/turn               I - +6 ring of strength
MPRegen 0.19/turn               V - ring of see invisible

@: exhausted, weak-willed, inhibited regen, very heavily drained
A: large, unfitting armour, frail 1, low MP 1, tough skin 1, weak 1, no stealth,
hated by all, inability to train armour, iridescent scales 1, clarity,
[inhibited regeneration]
a: Renounce Religion, Draw Out Power, Power Leap, Apocalypse


You were on level 4 of the Abyss.
You worshipped Ru.
Ru was exalted by your worship.
You visited 2 branches of the dungeon, and saw 15 of its levels.
You visited the Abyss 1 time.
You also visited: Volcano.

You collected 799 gold pieces.

Inventory:

Hand Weapons
 d - a +3 great mace of holy wrath
 e - a +0 morningstar
 g - a +0 spear
 j - a +2 war axe of draining
 k - a +2 trident of venom
 r - a +4 vorpal flail
 B - a +1 vorpal long sword
 D - a +2 falchion of freezing
 F - a +0 halberd
 J - a +3 flail of protection
 T - a +3 vorpal falchion
 U - the +8 scimitar of Anguish (weapon) {vorpal, rElec rF+++ rCorr Str-3}
   (You found it on level 2 of the Lair of Beasts)

   It inflicts extra damage upon your enemies.
   Str:       It affects your strength (-3).
   rF:        It renders you almost immune to fire.
   rElec:     It insulates you from electricity.
   rCorr:     It protects you from acid and corrosion.
 W - a +3 demon whip of venom
Missiles
 f - 5 poisoned darts
 S - a javelin (quivered)
Armour
 a - a +0 robe
 b - a +2 robe of fire resistance
 c - a +2 pair of gloves
 v - a +2 tower shield
 E - +1 steam dragon scales (worn)
 O - a +0 kite shield (worn)
Magical Staves
 h - a staff of conjuration
Jewellery
 n - an amulet of regeneration (around neck)
 I - a +6 ring of strength (left hand)
 V - a ring of see invisible (right hand)
Wands
 y - a wand of mindburst (4)
 A - a wand of flame (6)
 H - a wand of polymorph (14)
 R - a wand of digging (2)
Scrolls
 i - 4 scrolls of vulnerability
 s - 3 scrolls of amnesia
 t - 3 scrolls of immolation
 w - a scroll of holy word
 x - 2 scrolls of fear
 C - 3 scrolls of enchant weapon
 G - 3 scrolls of noise
 L - 2 scrolls of enchant armour
Potions
 l - 3 potions of attraction {unknown}
 o - 2 potions of berserk rage
 q - a potion of heal wounds
 u - a potion of brilliance {unknown}
 z - 2 potions of curing
 K - a potion of degeneration {unknown}
 M - 2 potions of might
 N - 4 potions of ambrosia
 P - a potion of resistance {unknown}


   Skills:
 - Level 15.0 Fighting
 - Level 5.0 Long Blades
 - Level 3.0 Maces & Flails
 - Level 5.0 Dodging
 + Level 7.0 Shields
 - Level 10.0 Spellcasting
 - Level 0.8 Conjurations
 - Level 10.0 Fire Magic
 - Level 6.0 Evocations


You had 22 spell levels left.
You knew the following spells:

 Your Spells              Type           Power      Damage    Failure   Level
a - Foxfire               Conj/Fire      100%       2x1d9     1%          1
b - Scorch                Fire           100%       2d10      1%          2
c - Inner Flame           Hex/Fire       30%        N/A       5%          3
d - Sticky Flame          Conj/Fire      31%        2d5       16%         4

Your spell library contained the following spells:

 Spells                   Type           Power      Damage    Failure   Level
 Conjure Flame            Conj/Fire      31%        6-21      4%          3
 Magic Dart               Conj           52%        1d5       10%         1
 Ignite Poison            Fire/Tmut/Pois 23%        N/A       11%         3
 Apportation              Tloc           20%        N/A       14%         1
 Searing Ray              Conj           26%        2d5       16%         2
 Flame Wave               Conj/Fire      31%        2d8       16%         4
 Static Discharge         Conj/Air       11%        N/A       19%         2
 Ensorcelled Hibernation  Hex/Ice        20%        N/A       22%         2
 Passwall                 Tmut/Erth      8%         N/A       22%         2
 Swiftness                Air            10%        N/A       38%         3
 Fulminant Prism          Conj/Hex       5%         3d7       75%         4
 Lightning Bolt           Conj/Air       5%         1d17      97%         5
 Alistair's Intoxication  Tmut/Pois      6%         N/A       98%         5
 Maxwell's Capacitive Co  Air            5%         ∞         100%        8


Dungeon Overview and Level Annotations

Branches:
Dungeon (11/15)            Temple (0/1) D:7            Lair (4/6) D:10
 Shoals (0/4) Lair:3        Snake (0/4) Lair:2      Volcano (visited)
    Orc: D:9-12

Altars:
Cheibriados
Fedhas
Nemelex Xobeh
Qazlal
Ru
Sif Muna
Yredelemnul
The Shining One

Shops:
D:5 :

Annotations:
D:7 exclusion: hornet


Innate Abilities, Weirdness & Mutations

You are too large for most types of armour.
You are frail. (-10% HP)
Your magical capacity is low. (-10% MP)
You have tough skin. (AC +1)
You are weak. (Str -2)
You cannot be stealthy.
You are hated by all.
You cannot train Armour skill.
You are partially covered in iridescent scales. (AC +2)
You possess an exceptional clarity of mind.
[You do not regenerate when monsters are visible.]


Message History

You bump into the stone wall.
You're too confused to cast spells.
You feel better.
You feel less invigorated. The phantasmal warrior gestures at you.
The phantasmal warrior blinks!
The jiangshi is stunned by your conviction and fails to attack.
The jiangshi claws you!
* * * LOW HITPOINT WARNING * * *
The jiangshi draws strength from your injuries!
The jiangshi claws you.
* * * LOW HITPOINT WARNING * * *
The jiangshi draws strength from your injuries!
You block the jiangshi's attack. x2
The phantasmal warrior gestures at you.
The phantasmal warrior blinks!
You block the jiangshi's attack. The jiangshi closely misses you.
The phantasmal warrior gestures at you.
The phantasmal warrior blinks!
You block the jiangshi's attack. The jiangshi claws you!
* * * LOW HITPOINT WARNING * * *
The jiangshi draws strength from your injuries!
Okay, then.
You feel much better. The phantasmal warrior hits you!
* * * LOW HITPOINT WARNING * * *
Your willpower is stripped away!
You feel much better.
You block the phantasmal warrior's attack.
Okay, then.
Unknown command.
A ynoxinul comes into view.
The jiangshi claws you!
The jiangshi draws strength from your injuries!
You focus your inner power and blind the jiangshi in retribution!
The jiangshi claws you!
The jiangshi draws strength from your injuries!
The phantasmal warrior hits you!!
* * * LOW HITPOINT WARNING * * *
The ynoxinul gestures.
The jiangshi closely misses you. The jiangshi claws you!
You die...

##. ..## #...... #
##.#.#....##.
#.##.#......# .
###W###..#.. #.
...#.@..Z.#......#
#.#.##V##.#...#.#
#.....Z.V.......##.#
..#....###.3
...#.#.# .....#### #
#...... . ≈ ..#. .
#.. .....≈ #.≈ ..
...# ##3VZ≈ ≈≈≈ #
......#.#..z≈≈§≈≈≈≈
#. .#.# ...≈
V≈V≈W≈≈.


You could see a jiangshi (blind), a vampire mage, a phantasmal warrior
(summoned), a spectral ettin (summoned), a neqoxec, a ynoxinul and a harpy
zombie (summoned).

Vanquished Creatures
  A lorocyproca (Abyss:4)
  A jiangshi (Abyss:4)
  A hydra (Lair:1)
  Amaemon (Lair:3)
  A sun demon (Abyss:3)
  A wretched star (Abyss:3)
  4 wizards (Volcano)
  2 oklob plants (Lair:2)
  A manticore (D:10)
  A worldbinder (Abyss:4)
  6 elephants
  4 black mambas
  4 torpor snails (Lair:2)
  A centaur zombie (D:10)
  2 orange demons
  3 toenail golems (Volcano)
  A merfolk siren (Lair:3)
  Maggie (D:6)
  2 large abominations
  3 rime drakes
  10 cane toads
  A rime drake (shapeshifter) (Abyss:3)
  A freezing wraith (Abyss:3)
  A queen bee (Lair:2)
  Prince Ribbit (D:6)
  A hornet (D:7)
  A polar bear (Lair:2)
  A troll (D:5)
  11 blink frogs
  A shadow (D:10)
  5 wyverns
  3 basilisks
  18 yaks
  2 golden eyes (Abyss:3)
  7 water moccasins
  6 nagas
  4 black bears
  2 ice beasts
  4 orc warriors
  3 sky beasts
  An ogre (D:5)
  5 centaurs
  12 wolves
  10 bullfrogs
  7 scorpions
  A water moccasin zombie (D:7)
  A water moccasin skeleton (D:4)
  33 killer bees
  8 wights (D:9)
  3 electric eels (D:8)
  8 howler monkeys
  2 small abominations (Abyss:3)
  A bullfrog zombie (D:6)
  4 orc priests
  A centaur skeleton (D:4)
  5 hounds
  An iron imp (Abyss:3)
  A gnoll shaman (D:7)
  3 iguanas
  7 orc wizards
  2 hell rats (Lair:1)
  A hound skeleton (D:4)
  9 adders
  8 gnolls
  10 river rats
  A white imp (Abyss:3)
  A dart slug (D:3)
  37 orcs
  7 ball pythons
  9 bats
  6 endoplasms
  2 giant cockroaches
  9 goblins
  6 hobgoblins
  3 quokkas
  5 frilled lizards
  6 kobolds
  7 rats
  A bush (Lair:3)
368 creatures vanquished.

Vanquished Creatures (collateral kills)
  3 foxfires
3 creatures vanquished.

Vanquished Creatures (others)
  A shadow (D:9)
  A howler monkey simulacrum (D:11)
  A goblin (D:3)
  596 foxfires
  18 fungi
  22 plants
  15 starspawn tentacles (Abyss:3)
654 creatures vanquished.

Grand Total: 1025 creatures vanquished

Notes
Turn   | Place    | Note
-------+----------+-------------------------------------------
     0 | D:1      | enile the Ogre Fire Elementalist began the quest for the
                  | Orb.
     0 | D:1      | Reached XP level 1. HP: 16/16 MP: 3/3
    27 | D:1      | Reached skill level 1 in Fighting
   111 | D:1      | Reached skill level 2 in Fighting
   111 | D:1      | Reached XP level 2. HP: 25/28 MP: 0/5
   627 | D:1      | Reached skill level 3 in Fighting
   704 | D:1      | Learned a level 2 spell: Scorch
   877 | D:2      | Found a faded altar of an unknown god.
   883 | D:2      | Reached XP level 3. HP: 17/37 MP: 1/6
   893 | D:2      | Prayed at the altar of an unknown god.
   893 | D:2      | Became a worshipper of Ru the Awakened
   910 | D:2      | Gained mutation: You are hated by all. [Ru sacrifice]
   910 | D:2      | Reached * piety under Ru
   910 | D:2      | Reached ** piety under Ru
  2027 | D:3      | Reached XP level 4. HP: 45/45 MP: 6/9
  3078 | D:2      | Reached XP level 5. HP: 37/54 MP: 6/11
  3121 | D:3      | Reached skill level 4 in Fighting
  3327 | D:4      | Learned a level 3 spell: Inner Flame
  3521 | D:4      | Reached skill level 5 in Fighting
  3972 | D:4      | Reached XP level 6. HP: 67/67 MP: 8/12
  3987 | D:4      | Gained mutation: Your magical capacity is low. (-10% MP)
                  | [Ru sacrifice]
  4018 | D:4      | Reached skill level 6 in Fighting
  4064 | D:4      | Found a glowing golden altar of the Shining One.
  4118 | D:4      | Noticed a black bear
  4125 | D:4      | Killed a black bear
  4126 | D:4      | Reached skill level 7 in Fighting
  4126 | D:4      | Reached skill level 1 in Maces & Flails
  4359 | D:4      | Noticed an angel
  4445 | D:5      | Entered Level 5 of the Dungeon
  4450 | D:4      | Reached XP level 7. HP: 74/78 MP: 11/11
  4724 | D:5      | Reached skill level 8 in Fighting
  4940 | D:5      | Noticed a troll
  5085 | D:5      | Reached skill level 9 in Fighting
  5269 | D:5      | Reached skill level 5 in Spellcasting
  5270 | D:5      | Reached XP level 8. HP: 62/92 MP: 7/14
  5346 | D:5      | Found Olesmow's Book Emporium.
  5380 | D:5      | Killed a troll
  5838 | D:6      | Reached skill level 5 in Fire Magic
  6402 | D:6      | Noticed a troll
  6405 | D:6      | Noticed Prince Ribbit
  6419 | D:5      | HP: 4/92 [troll (9)]
  6696 | D:6      | Killed Prince Ribbit
  6697 | D:6      | Reached skill level 10 in Fighting
  6697 | D:6      | Reached XP level 9. HP: 100/102 MP: 6/16
  7102 | D:6      | Noticed Maggie
  7121 | D:6      | Killed Maggie
  7419 | D:7      | Found a staircase to the Ecumenical Temple.
  7550 | D:7      | Noticed a hornet
  7560 | D:7      | Learned a level 4 spell: Sticky Flame
  7608 | D:7      | Reached skill level 1 in Shields
  8256 | D:7      | Noticed a hornet
  8260 | D:7      | Killed a hornet
  8851 | D:8      | Reached XP level 10. HP: 97/111 MP: 8/17
  8999 | D:8      | Gained mutation: You cannot train Armour skill. [Ru
                  | sacrifice]
  8999 | D:8      | Reached *** piety under Ru
  9994 | D:9      | Noticed a two-headed ogre
 10516 | D:9      | Reached skill level 11 in Fighting
 10673 | D:9      | Found a shimmering blue altar of Sif Muna.
 10674 | D:9      | Found a stormy altar of Qazlal.
 10966 | D:9      | Found a sacrificial altar of Ru.
 10966 | D:9      | Found a sparkling altar of Nemelex Xobeh.
 10992 | D:10     | Entered Level 10 of the Dungeon
 11343 | D:9      | Reached skill level 12 in Fighting
 11781 | D:10     | Noticed a manticore
 11795 | D:10     | Killed a manticore
 11796 | D:10     | Reached skill level 13 in Fighting
 11990 | D:10     | Gained mutation: You are frail. (-10% HP) [Ru sacrifice]
 11990 | D:10     | Reached **** piety under Ru
 11990 | D:10     | Reached ***** piety under Ru
 12133 | D:10     | Reached XP level 11. HP: 91/114 MP: 13/19
 12832 | D:10     | Found a staircase to the Lair.
 12842 | Lair:1   | Entered Level 1 of the Lair of Beasts
 12884 | D:10     | Gained mutation: You possess an exceptional clarity of
                  | mind. [potion of mutation]
 12884 | D:10     | Gained mutation: You are partially covered in iridescent
                  | scales. (AC +2) [potion of mutation]
 12888 | D:10     | Reached skill level 5 in Dodging
 13821 | Lair:1   | Reached skill level 5 in Evocations
 14763 | Lair:2   | Noticed a four-headed hydra
 15679 | Lair:2   | Gained mutation: You cannot be stealthy. [Ru sacrifice]
 15716 | Lair:1   | Killed a four-headed hydra
 15717 | Lair:1   | Reached skill level 14 in Fighting
 15717 | Lair:1   | Reached XP level 12. HP: 79/125 MP: 7/22
 16186 | Lair:2   | Found a staircase to the Snake Pit.
 16584 | Lair:2   | Reached skill level 5 in Shields
 17468 | Lair:2   | Found a snail-covered altar of Cheibriados.
 17975 | Lair:2   | Reached skill level 10 in Spellcasting
 17983 | Lair:2   | Identified the +8 scimitar of Anguish {vorpal, rElec rF+++
                  | rCorr Str-3}
 19285 | Lair:2   | Reached skill level 15 in Fighting
 19646 | Lair:3   | Reached XP level 13. HP: 67/134 MP: 12/24
 19752 | Lair:3   | Reached skill level 10 in Fire Magic
 19880 | Lair:3   | Noticed Amaemon
 20058 | Lair:3   | Killed Amaemon
 20059 | Lair:3   | Reached skill level 1 in Long Blades
 20113 | Lair:3   | Found a staircase to the Shoals.
 20255 | Lair:3   | Gained mutation: You are weak. (Str -2) [Ru sacrifice]
 20255 | Lair:3   | Reached ****** piety under Ru
 20924 | Lair:4   | Found a dark tunnel.
 20932 | Volcano  | Entered a volcano
 21097 | Volcano  | Reached skill level 5 in Long Blades
 21104 | Volcano  | Cast into level 3 of the Abyss (a wizard)
 21235 | Abyss:3  | Noticed a tentacled starspawn
 21272 | Abyss:3  | Noticed a tentacled starspawn
 21295 | Abyss:3  | Noticed a daeva
 21422 | Abyss:3  | Noticed a tentacled starspawn
 21447 | Abyss:4  | Noticed a rakshasa
 21490 | Abyss:4  | Noticed a lorocyproca
 21491 | Abyss:4  | Noticed a jiangshi
 21493 | Abyss:4  | Killed a jiangshi
 21493 | Abyss:4  | Killed a lorocyproca
 21493 | Abyss:4  | Noticed a jiangshi
 21495 | Abyss:4  | Found a hide-covered altar of Uskayaw.
 21506 | Abyss:4  | Slain by a jiangshi

Illustrated notes

Levels and vault maps discovered:
D:1:      doesnt_arrival_eight_statues, layout_basic, bh_walls_and_bars
D:2:      layout_basic, hellmonk_ecumenical_altar_inner_sanctum
D:3:      layout_basic, mrwooster_statue_mirror, guppyfry_early_orc_mine
D:4:      layout_gridville, grunt_temple_overflow_holy_war
D:5:      layout_rooms, serial_shops, kennysheep_mini_moat
D:6:      layout_rooms, st_stairs_8, grunt_decor_one_mirror,
          grunt_ministairs_12, uniq_maggie, uniq_prince_ribbit1
D:7:      layout_loops_ring, minmay_temple_entry_junction_2,
          serial_bayou_crossing
D:8:      layout_loops_corners, disabler_island
D:9:      layout_loops_cross, nicolae_overflow_hidden_temple
D:10:     layout_irregular_city, grunt_lair_entry_orc_guard_hut
D:11:     minmay_sliced_demisemicircle, layout_irregular_city, hiddenorc2_lemuel
Lair:1:   layout_gridlike, kennysheep_rathole, grunt_megastairs_1,
          serial_bayou_shore_b
Lair:2:   regret_index_bee_streams, layout_gridlike,
          minmay_snake_entry_guardpost_large, hangedman_tree_tricks,
          chequers_serial_rivers_room_a, kennysheep_snail_temple
Lair:3:   layout_loops_ring, minmay_shoals_entry_lonely_mermaid,
          grunt_megastairs_2, lemuel_fruit_tree, uniq_amaemon
Lair:4:   layout_hall_layers, nicolae_volcano_entry_lava_flow
Abyss:4:  base: D:7, evilmike_abyss_exit_11, evilmike_abyss_rune_ettins,
          guppyfry_abyss_exit_spiral_guarded, evilmike_abyss_exit_16,
          hangedman_abyss_stitches_cave
Volcano:  volcano_bunker

Skill      XL: |  1  2  3  4  5  6  7  8  9 10 11 12 13 |
---------------+----------------------------------------+-----
Fighting       | 2 3 5 7 9 10 13 14 15 | 15.0
Dodging        | 2 4 5 |  5.0
Spellcasting   | 3 4 5 6 7 9 10 | 10.0
Fire Magic     | 3 5 6 8 9 10 | 10.0
Maces & Flails | 2 3 |  3.0
Evocations     | 4 5 6 |  6.0
Shields        | 2 6 7 |  7.0
Stealth        | 2 0 |  0.0
Long Blades    | 5 |  5.0
Conjurations   | |  0.8

Action                   |  1- 3 |  4- 6 |  7- 9 | 10-12 | 13-15 || total
-------------------------+-------+-------+-------+-------+-------++-------
Melee: Unarmed           |     2 |       |       |       |       ||     2
       Staff             |     8 |       |       |       |       ||     8
       War axe           |     7 |     7 |       |       |       ||    14
       Trident           |       |    17 |       |       |       ||    17
       Flail             |       |     5 |    53 |    10 |       ||    68
       Long sword        |       |       |    15 |       |       ||    15
       Punch             |       |       |     1 |     3 |       ||     4
       Great mace        |       |       |       |    23 |       ||    23
       Morningstar       |       |       |       |   141 |       ||   141
       Scimitar          |       |       |       |    65 |   139 ||   204
Throw: Javelin           |       |       |     3 |     5 |     1 ||     9
       Dart              |       |       |       |     2 |       ||     2
 Cast: Foxfire           |    76 |    64 |    83 |   143 |     3 ||   369
       Scorch            |     1 |    25 |    85 |    97 |     8 ||   216
       Inner Flame       |       |       |     3 |    26 |    18 ||    47
       Sticky Flame      |       |       |     5 |   100 |     5 ||   110
Invok: Sacrifice Love    |     1 |       |       |       |       ||     1
       Sacrifice Essence |       |     1 |       |       |       ||     1
       Sacrifice Health  |       |       |       |     1 |       ||     1
       Sacrifice Durabil |       |       |       |     1 |       ||     1
       Apocalypse        |       |       |       |     3 |     2 ||     5
       Sacrifice Stealth |       |       |       |     1 |       ||     1
       Sacrifice Purity  |       |       |       |       |     1 ||     1
Evoke: Wand              |       |       |     9 |    12 |       ||    21
  Use: Scroll            |     1 |     1 |     2 |    18 |     5 ||    27
       Potion            |       |     3 |     3 |     4 |     7 ||    17
 Stab: Distracted        |       |       |     1 |       |     1 ||     2
       Paralysed         |       |       |       |    22 |     9 ||    31
       Invisible         |       |       |       |     2 |       ||     2
Armor: Robe              |    17 |    21 |    38 |       |       ||    76
       Skin              |       |       |    11 |       |       ||    11
       Steam dragon scal |       |       |    27 |   157 |    49 ||   233
Dodge: Dodged            |    34 |    44 |   144 |   290 |    62 ||   574
Block: Kite shield       |       |       |       |       |    69 ||    69

Table legend: (Time is in decaauts)
 A = Elapsed time spent in this place.
 B = Non-inter-level travel time spent in this place.
 C = Inter-level travel time spent in this place.
 D = Time resting spent in this place.
 E = Time spent auto-exploring this place.
 F = Levels seen in this place.
 G = Mean time per level.
                   A        B        C        D        E       F      G
               +--------+--------+--------+--------+--------+-----+--------+
         Total |  21762 |  20782 |    980 |   2645 |  13625 |  18 | 1209.0 |
       Dungeon |  13562 |  12882 |    680 |   1162 |   9113 |  11 | 1232.9 |
          Lair |   7600 |   7300 |    300 |   1483 |   4390 |   4 | 1900.0 |
         Abyss |    411 |    411 |      0 |      0 |     62 |   2 |  205.5 |
       Volcano |    188 |    188 |      0 |      0 |     60 |   1 |  188.0 |
               +--------+--------+--------+--------+--------+-----+--------+

Top non-repeatable levels by time:
  Lair:2: 3694 daAuts
  Lair:1: 2850 daAuts
    D:10: 1964 daAuts
     D:5: 1532 daAuts
     D:4: 1427 daAuts
     D:7: 1415 daAuts
     D:3: 1382 daAuts
     D:8: 1374 daAuts
     D:9: 1225 daAuts
     D:2: 1210 daAuts
     D:6: 1200 daAuts
  Lair:3: 990 daAuts
     D:1: 723 daAuts
 Abyss:3: 339 daAuts
 Volcano: 188 daAuts
